 Dungeon Crawl Stone Soup version 0.30.1-11-g7821555f0a (webtiles) character file.

Game seed: 8700802759994053112

253998 KittyFluff the Tortoise (level 19, 0/133 HPs)
             Began as a Gargoyle Berserker on Nov 9, 2023.
             Was the Champion of Trog.
             Slain by Donald
             ... wielding a +1 scimitar of freezing
              (3 damage)
             ... on level 1 of the Vaults on Nov 10, 2023.
             The game lasted 04:16:01 (38226 turns).

KittyFluff the Tortoise (Gargoyle Berserker)       Turns: 38226, Time: 04:16:02

Health: 0/133      AC: 42    Str: 35    XL:     19   Next: 73%
Magic:  1/10       EV: 19    Int:  8    God:    Trog [******]
Gold:   722        SH: 25    Dex: 15    Spells: 18/18 levels left

rFire   . . .        a - +2 demon whip (spect)
rCold   . . .        q - +7 kite shield of the Lotus Blossom {Drain rN++ Regen+}
rNeg    + + +        M - +4 scale mail {Will+}
rPois   ∞            R - +2 helmet
rElec   +            A - +2 cloak {Stlth+}
rCorr   .            x - +2 pair of gloves {infuse}
SInv    +            P - +2 pair of slick slippers {slick, slippery, EV+4}
Will    ++...        U - amulet of reflection
Stlth   +++++        Y - ring "Ibouluosh" {rPois MP-9 Dex+6 SInv}
HPRegen 1.22/turn    g - +6 ring of strength
MPRegen 0.12/turn

%: reflection, infuse magic (1 MP)
@: flying, studying 3 skills, unable to read
A: sickness immunity, AC +14, big wings, negative energy resistance 1,
electricity resistance, torment resistance 1, petrification resistance, robust
1, wild magic 1, inability to read after injury 1
}: 2/15 runes: decaying, serpentine
a: Renounce Religion, Berserk, Trog's Hand, Brothers in Arms


You were on level 1 of the Vaults.
You worshipped Trog.
Trog was exalted by your worship.
You visited 7 branches of the dungeon, and saw 33 of its levels.
You visited the Abyss 1 time.
You also visited: Trove, Ice Cave and Volcano.

You collected 3986 gold pieces.
You spent 3264 gold pieces at shops.

Inventory:

Hand Weapons
 a - a +2 spectral demon whip (weapon)
 d - a +2 hand crossbow of flaming
 j - a +0 eveningstar of draining
Missiles
 o - 19 boomerangs (quivered)
 X - 7 silver javelins
 Z - 10 atropa-tipped darts
Armour
 f - a +3 chain mail of fire resistance
 q - the +7 kite shield of the Lotus Blossom (worn) {Drain rN++ Regen+}
   (You found it on level 2 of the Dungeon)

   rN:        It greatly protects you from negative energy.
   Regen:     It increases your rate of health regeneration.
   Drain:     It drains your maximum health when unequipped.
 x - a +2 pair of gloves of infusion (worn)
 A - a +2 cloak of stealth (worn)
 H - a +2 plate armour of cold resistance
 K - the +0 helmet of Altruism {rC+ rN+ Str-4 Dex+4}
   (You bought it in a shop on level 3 of the Snake Pit)

   Str:       It affects your strength (-4).
   Dex:       It affects your dexterity (+4).
   rC:        It protects you from cold.
   rN:        It protects you from negative energy.
 M - a +4 scale mail of willpower (worn)
 P - the +2 pair of slick slippers (worn) {slick, slippery, EV+4}
   (You acquired it on level 5 of the Lair of Beasts)

   Slick:     Its wearer cannot be constricted, engulfed, netted or webbed.
   Slippery:  Its wearer slips away from damaging melee attacks, pulling the
   attacker onward.
   EV:        It affects your evasion (+4).
 R - a +2 helmet (worn)
Jewellery
 g - a +6 ring of strength (right hand)
 F - a +4 ring of slaying
 L - a ring of ice
 O - a ring of fire
 U - an amulet of reflection (around neck)
 Y - the ring "Ibouluosh" (left hand) {rPois MP-9 Dex+6 SInv}
   (You found it on level 5 of the Lair of Beasts)

   [ring of poison resistance]

   Dex:       It affects your dexterity (+6).
   rPois:     It protects you from poison.
   MP:        It affects your magic capacity (-9).
   SInv:      It lets you see invisible.
Wands
 l - a wand of mindburst (16)
 p - a wand of digging (4)
 r - a wand of acid (31)
 C - a wand of paralysis (54)
 I - a wand of roots (49)
 Q - a wand of flame (95)
Scrolls
 e - 4 scrolls of enchant weapon
 h - 3 scrolls of fog
 k - 7 scrolls of fear
 n - 4 scrolls of silence
 s - 4 scrolls of immolation
 v - 2 scrolls of summoning
 y - 2 scrolls of torment
 B - 6 scrolls of poison
 E - 4 scrolls of magic mapping
 G - 3 scrolls of brand weapon
 J - 13 scrolls of teleportation
 T - 7 scrolls of blinking
 W - 4 scrolls of enchant armour
Potions
 b - 6 potions of mutation
 c - 22 potions of curing
 i - 4 potions of ambrosia
 m - 3 potions of haste
 w - 4 potions of attraction
 z - 2 potions of cancellation
 D - 6 potions of might
 N - 3 potions of resistance
 S - 4 potions of heal wounds
 V - 6 potions of invisibility
Miscellaneous
 t - a box of beasts
 u - a condenser vane


   Skills:
 + Level 14.1 Fighting
 + Level 16.4 Maces & Flails
 + Level 6.9 Ranged Weapons
 - Level 5.4 Throwing
 * Level 18.6 Armour
 + Level 10.5 Dodging
 + Level 14.2 Stealth
 + Level 13.1 Shields
 + Level 8.5 Evocations


You had 18 spell levels left.
You didn't know any spells.
Your spell library was empty.

Dungeon Overview and Level Annotations

Branches:
Dungeon (15/15)            Temple (0/1) D:6            Lair (5/5) D:8
  Swamp (4/4) Lair:3        Snake (4/4) Lair:3        Slime (0/5) Lair:4
    Orc (2/2) D:11            Elf (2/3) Orc:2        Vaults (1/5) D:13
 Depths (0/4) D:15          IceCv (visited)         Volcano (visited)

Altars:
Cheibriados
Dithmenos
Fedhas
Gozag
Ru
Sif Muna
Trog
Vehumet
Wu Jian
Xom
The Shining One
Jiyva

Shops:
D:3 [(=*   D:11 :   D:12 *   Orc:2 =([(   Elf:1 :=:   Elf:2 (=*:   Snake:3 [
Snake:4 ![[

Annotations:
D:4 Blork the orc
Elf:2 3 runed translucent doors
Vaults:1 Donald


Innate Abilities, Weirdness & Mutations

You are immune to sickness and miasma.
Your stone body is resilient. (AC +14)
You are immune to poison.
Your large and strong wings let you fly.
You resist negative energy. (rN+)
You are resistant to electric shocks. (rElec)
You are resistant to unholy torment.
You are immune to petrification.
You are robust. (+10% HP)
Your spells are a little harder to cast, but a little more powerful.
You occasionally lose the ability to read scrolls when taking damage.


Message History

Donald is severely wounded.
You block Donald's attack. Donald blocks your attack.
Donald is severely wounded.
Donald barely misses you. Donald blocks your attack.
Donald is severely wounded.
Donald completely misses you.
You thrash Donald!!
Donald is almost dead.
Donald says, "I don't remember getting an invitation to a convocation."
You block Donald's attack.
You barely miss Donald.
Donald is almost dead.
You block Donald's attack.
You closely miss Donald.
Donald is almost dead.
You whack Donald!
Donald is almost dead.
Donald hits you with a +1 scimitar of freezing!!
You feel threatened and lose the ability to read scrolls!
* * * LOW HITPOINT WARNING * * *
Donald freezes you.
* * * LOW HITPOINT WARNING * * *
Really quaff the potion of mutation? [Y]es or [N]o only, please.
Really quaff the potion of mutation?
Okay, then.
You feel much better.
Donald hits you with a +1 scimitar of freezing!
* * * LOW HITPOINT WARNING * * *
Donald freezes you.
* * * LOW HITPOINT WARNING * * *
You block Donald's attack. Donald blocks your attack.
Donald is almost dead.
Donald hits you with a +1 scimitar of freezing!!
* * * LOW HITPOINT WARNING * * *
Donald freezes you.
You die...

#### ### #.#.# ..#
##.#.#.# #.#.#.#
##.#.## #.#.## #..##
#.#.## ##†#@#
#.#@#p# ##)#.#.#
#[#.#...# ##)#######
#........#
#........#
##########........#
##:#?#.#.##........#


You could see an ironbound preserver and Donald (fast, strong).

Vanquished Creatures
  Rupert (Lair:3)
  A tentacled monstrosity (Swamp:4)
  2 quicksilver dragons
  Gastronok (Lair:1)
  Kirke (Swamp:2)
  A storm dragon (D:12)
  Roxanne (Swamp:2)
  A fenstrider witch (Swamp:4)
  5 nagarajas
  A fire giant (D:12)
  3 vault wardens (Vaults:1)
  Louise (Elf:1)
  2 orc warlords (Orc:2)
  The ghost of Esekla the Eclecticist, a journeyman DEWn of Vehumet (Elf:1)
  2 ghouls (Swamp:4)
  2 ironbound preservers (Vaults:1)
  2 stone giants
  A deep elf demonologist (Elf:2)
  2 very ugly things (Swamp:4)
  An ironbound thunderhulk (Vaults:1)
  5 eleionomae
  4 bunyips
  9 dire elephants
  Nessos (Lair:3)
  2 green deaths (Swamp:4)
  The ghost of Tang the Slicer, a journeyman GnWn of the Shining One (Lair:3)
  Josephine (Lair:4)
  The ghost of lonewolfV2 the Nimble, a journeyman FoFi of Qazlal (D:12)
  A shambling mangrove (Swamp:4)
  A yaktaur captain (Vaults:1)
  3 salamander tyrants
  A deep elf high priest (Elf:1)
  A vault guard (D:13)
  2 great orbs of eyes
  Fannar (Lair:2)
  The ghost of PurpleCat the Severer, a journeyman MiFi of Okawaru (Lair:3)
  15 hydras
  An ogre mage (D:12)
  3 boulder beetles
  9 centaur warriors
  2 ghost crabs
  A catoblepas (Lair:2)
  3 dancing weapons (Elf:2)
  11 anacondas
  2 two-headed ogres
  3 alligators
  The ghost of Zeor the Carver, a novice DrGl of Vehumet (Lair:1)
  7 death yaks
  12 naga warriors
  2 tengu warriors
  13 naga sharpshooters
  2 orc high priests (Orc:2)
  3 deep elf knights
  Urug (Lair:1)
  8 shock serpents
  Amaemon (D:9)
  3 salamander mystics
  A spectral death yak (Lair:5)
  3 goliath frogs
  A skyshark (Lair:3)
  A spectral anaconda (Lair:5)
  5 naga ritualists
  3 deep elf archers
  3 spriggan druids
  3 deep trolls
  2 lindwurms
  11 bog bodies
  A wizard (D:15)
  5 swamp dragons
  5 necromancers
  Pikel (D:7)
  12 deep elf zephyrmancers
  5 orc knights
  2 ironbound convokers (Vaults:1)
  11 mana vipers
  2 harpies
  4 orc sorcerers
  15 deep elf pyromancers
  2 wolf spiders
  2 oklob plants (Lair:4)
  7 ugly things
  5 cyclopes
  An obsidian statue (Lair:5)
  9 will-o-the-wisps
  4 manticores
  39 black mambas
  9 guardian serpents
  14 salamanders
  2 vault sentinels (Vaults:1)
  Joseph (D:7)
  A dire elephant zombie (Lair:5)
  2 guardian serpents (shapeshifter) (D:15)
  Maurice (D:11)
  18 elephants
  13 naga magi
  A torpor snail (Lair:5)
  A smoke demon (Volcano)
  An ice statue (IceCv)
  2 orange demons
  14 cane toads
  Maggie (D:8)
  Psyche (D:8)
  A kobold demonologist (D:10)
  11 komodo dragons
  6 rime drakes
  3 efreet
  A tengu conjurer (D:12)
  2 anaconda simulacra (IceCv)
  6 yaktaurs
  2 ice devils (IceCv)
  The ghost of fitz the Trooper, an amateur MiFi (D:4)
  10 trolls
  10 polar bears
  2 red devils (Volcano)
  A meliai (D:12)
  5 hornets
  6 tyrant leeches
  Grinder (D:6)
  7 blink frogs
  A spectral elephant (Lair:5)
  A centaur simulacrum (D:12)
  6 spriggans
  18 slime creatures
  63 yaks
  4 shadows (Swamp:4)
  6 wraiths
  5 hogs (Swamp:3)
  A hog (shapeshifter) (Elf:2)
  7 wyverns
  2 basilisks
  A human (shapeshifter) (D:14)
  2 water elementals
  2 steam dragons
  7 vampire mosquitoes
  2 death yak simulacra
  A harpy simulacrum (IceCv)
  3 wargs (Orc:2)
  18 swamp worms
  45 nagas
  2 large abominations (Swamp:4)
  3 hell hounds (Volcano)
  20 water moccasins
  A hydra simulacrum (IceCv)
  2 acid dragons
  41 orc warriors
  A swamp drake (Swamp:4)
  7 ice beasts
  A sky beast (D:6)
  4 black bears
  7 ogres
  6 wolves
  A lemure (D:7)
  6 centaurs
  3 kobold brigands
  16 bullfrogs
  A necrophage (Swamp:4)
  2 cane toad simulacra
  3 earth elementals
  7 two-headed ogre simulacra (IceCv)
  3 scorpions
  9 wights
  5 elephant simulacra
  20 killer bees
  8 electric eels
  A howler monkey (D:6)
  2 lava snakes (Lair:1)
  2 quasits (D:4)
  24 orc priests
  A jelly (D:8)
  9 hounds
  Jessica (D:2)
  3 iguanas (D:6)
  A sleepcap (D:6)
  18 orc wizards
  5 spriggan simulacra (IceCv)
  5 troll simulacra (IceCv)
  4 wolf simulacra (IceCv)
  8 gnolls
  5 naga simulacra (IceCv)
  10 adders
  2 shadow imps
  8 white imps
  9 ufetubi
  4 worms
  80 orcs
  7 ball pythons
  3 bats
  3 endoplasms (D:1)
  A giant cockroach (D:1)
  5 goblins
  9 hobgoblins
  11 kobolds
  3 quokkas
  5 frilled lizards
  4 rats
1119 creatures vanquished.

Vanquished Creatures (others)
  An eleionoma (Swamp:4)
  A deep elf knight (Orc:2)
  2 deep elf pyromancers
  A deep elf zephyrmancer (Orc:2)
  A mana viper (Snake:3)
  A wizard (D:4)
  2 will-o-the-wisps
  A guardian serpent (Snake:4)
  4 bloated husks (Swamp:1)
  4 hornets
  3 spriggans (Swamp:1)
  3 vampire mosquitoes (Swamp:1)
  2 swamp worms
  A kobold brigand (D:10)
  An orc wizard (D:6)
  60 foxfires
  2 spectral weapons (Vaults:1)
90 creatures vanquished.

Grand Total: 1209 creatures vanquished

Notes
Turn   | Place    | Note
-------+----------+-------------------------------------------
     0 | D:1      | KittyFluff the Gargoyle Berserker began the quest for the
                  | Orb.
     0 | D:1      | Reached XP level 1. HP: 14/14 MP: 1/1
    90 | D:1      | Reached XP level 2. HP: 19/19 MP: 2/2
   337 | D:1      | Reached XP level 3. HP: 22/23 MP: 3/3
   408 | D:1      | Reached ** piety under Trog
   868 | D:2      | Noticed Jessica
   874 | D:2      | Killed Jessica
   875 | D:2      | Reached skill level 3 in Armour
   875 | D:2      | Reached XP level 4. HP: 11/29 MP: 4/4
  1518 | D:2      | Identified the +7 kite shield of the Lotus Blossom {Drain
                  | rN++ Regen+}
  1664 | D:3      | Found Quohyo Lewadd's Weapon Shoppe.
  1702 | D:3      | Found Oritrof's Jewellery Shoppe.
  1843 | D:3      | Found Hipyaqim's Assorted Antiques.
  2035 | D:3      | Found Mipeczog's Distillery.
  2128 | D:3      | Found Xylosaiff's Antique Armour Emporium.
  2166 | D:3      | Bought a shimmering leather armour for 189 gold pieces
  2166 | D:3      | Identified the +4 leather armour of Thoughtfulness {rPois
                  | Regen+} (You bought it in a shop on level 3 of the Dungeon)
  2643 | D:4      | Found a transporter.
  2743 | D:4      | Found a transporter.
  2743 | D:4      | Noticed a fire bat
  2743 | D:4      | Noticed a fire bat
  2768 | D:4      | Found a transporter.
  2768 | D:4      | Noticed fitz's ghost (amateur MiFi)
  2940 | D:4      | Noticed Blork the orc
  2948 | D:4      | Found a shimmering blue altar of Sif Muna.
  3031 | D:4      | Found a bloodstained altar of Trog.
  3034 | D:4      | Noticed a wizard
  3038 | D:4      | Killed a wizard
  3322 | D:4      | Found a transporter.
  3501 | D:4      | Reached XP level 5. HP: 33/33 MP: 5/5
  3548 | D:4      | Reached skill level 1 in Stealth
  3578 | D:4      | Killed fitz's ghost
  3579 | D:4      | Reached skill level 4 in Armour
  3579 | D:4      | Reached skill level 1 in Shields
  3579 | D:4      | Reached XP level 6. HP: 35/39 MP: 6/6
  3699 | D:5      | Entered Level 5 of the Dungeon
  3699 | D:5      | Found a glowing golden altar of the Shining One.
  3860 | D:5      | Reached XP level 7. HP: 44/44 MP: 7/7
  4178 | D:5      | Reached skill level 5 in Maces & Flails
  4188 | D:5      | Reached skill level 5 in Armour
  4360 | D:5      | Found a sacrificial altar of Ru.
  4467 | D:5      | Reached XP level 8. HP: 48/48 MP: 8/8
  4552 | D:5      | Reached skill level 5 in Fighting
  4823 | D:6      | Reached skill level 6 in Armour
  5226 | D:6      | Noticed a wyvern
  5248 | D:6      | Killed a wyvern
  5249 | D:6      | Reached XP level 9. HP: 50/54 MP: 9/9
  5249 | D:6      | Reached *** piety under Trog
  5321 | D:6      | Reached skill level 7 in Armour
  5604 | D:6      | Noticed Grinder
  5623 | D:6      | Paralysed by Grinder for 2 turns
  5636 | D:6      | Killed Grinder
  5640 | D:6      | Found a staircase to the Ecumenical Temple.
  5907 | D:6      | Reached skill level 5 in Stealth
  6332 | D:7      | Reached skill level 8 in Armour
  6364 | D:7      | Reached XP level 10. HP: 52/61 MP: 10/10
  6461 | D:7      | Noticed Joseph
  6501 | D:7      | Killed Joseph
  6525 | D:7      | Noticed Pikel
  6592 | D:7      | Killed Pikel
  6593 | D:7      | Reached skill level 5 in Shields
  7521 | D:8      | Noticed Psyche
  7737 | D:8      | Found a large runed translucent door.
  7738 | D:8      | Found a large runed translucent door.
  7809 | D:8      | Noticed Maggie
  7834 | D:8      | Killed Maggie
  7958 | D:8      | Found a staircase to the Lair.
  8044 | D:8      | Reached skill level 9 in Armour
  8093 | Abyss:1  | Cast into level 1 of the Abyss (Psyche)
  8106 | D:8      | Escaped the Abyss
  8107 | D:8      | Killed Psyche
  8107 | D:8      | Reached **** piety under Trog
  8339 | D:9      | Noticed Amaemon
  8428 | D:8      | Reached skill level 5 in Dodging
  8521 | D:8      | Reached XP level 11. HP: 67/67 MP: 11/11
  8760 | D:9      | Found a shimmering altar of Xom.
  9252 | D:8      | Found a snail-covered altar of Cheibriados.
  9261 | D:8      | Found a radiant altar of Vehumet.
  9414 | D:9      | Killed Amaemon
  9446 | D:9      | Found an ornate altar of the Wu Jian Council.
  9595 | D:10     | Entered Level 10 of the Dungeon
  9638 | D:9      | Reached skill level 10 in Armour
 10327 | D:10     | Found a shadowy altar of Dithmenos.
 10689 | D:11     | Reached ***** piety under Trog
 10830 | Lair:1   | Entered Level 1 of the Lair of Beasts
 10839 | Lair:1   | Noticed Urug
 10857 | Lair:1   | Killed Urug
 10904 | Lair:1   | Noticed Gastronok
 10929 | Lair:1   | Killed Gastronok
 10930 | Lair:1   | Reached skill level 10 in Maces & Flails
 11129 | Lair:1   | Found a runed translucent gate.
 11129 | Lair:1   | Found a runed translucent gate.
 11129 | Lair:1   | Found a runed translucent gate.
 11129 | Lair:1   | Noticed Zeor's ghost (novice DrGl)
 11368 | Lair:1   | Reached XP level 12. HP: 73/73 MP: 12/12
 11429 | Lair:1   | Reached skill level 11 in Armour
 11836 | Lair:1   | Killed Zeor's ghost
 12015 | Lair:2   | Noticed a five-headed hydra
 12033 | Lair:2   | Killed a five-headed hydra
 12112 | Lair:2   | Noticed a death yak
 12115 | Lair:2   | Noticed a death yak
 12118 | Lair:2   | Noticed a death yak
 12118 | Lair:2   | Noticed a death yak
 12136 | Lair:2   | Killed a death yak
 12136 | Lair:2   | Noticed a death yak
 12152 | Lair:2   | Killed a death yak
 12166 | Lair:2   | Killed a death yak
 12201 | Lair:2   | Killed a death yak
 12205 | Lair:2   | Killed a death yak
 12214 | Lair:2   | Reached skill level 12 in Armour
 12346 | Lair:2   | Reached XP level 13. HP: 71/80 MP: 13/13
 12516 | Lair:2   | Noticed Fannar
 12546 | Lair:2   | Killed Fannar
 12690 | Lair:2   | Found an ornate altar of the Wu Jian Council.
 12919 | Lair:3   | Noticed Nessos
 12924 | Lair:3   | Killed Nessos
 13063 | Lair:3   | Noticed Rupert
 13113 | Lair:3   | Killed Rupert
 13369 | Lair:3   | Found a runed translucent gate.
 13370 | Lair:3   | Found a runed translucent gate.
 13371 | Lair:3   | Found a runed translucent gate.
 13372 | Lair:3   | Noticed Tang's ghost (journeyman GnWn)
 13373 | Lair:3   | Noticed PurpleCat's ghost (journeyman MiFi)
 13459 | Lair:3   | Killed PurpleCat's ghost
 13533 | Lair:3   | Killed Tang's ghost
 13703 | Lair:3   | Found a staircase to the Swamp.
 13785 | Lair:3   | Found a staircase to the Snake Pit.
 13965 | Lair:4   | Reached skill level 1 in Throwing
 13965 | Lair:4   | Reached skill level 1 in Evocations
 14054 | Lair:4   | Reached skill level 13 in Armour
 14160 | Lair:4   | Found a runed translucent door.
 14302 | Lair:4   | Noticed Josephine
 14328 | Lair:4   | Killed Josephine
 14336 | Lair:4   | Reached ****** piety under Trog
 14390 | Lair:4   | Reached skill level 10 in Fighting
 14453 | Lair:4   | Gained mutation: Your large and strong wings let you fly.
                  | [Gargoyle growth]
 14453 | Lair:4   | Reached XP level 14. HP: 88/88 MP: 14/14
 14616 | Lair:4   | Received a gift from Trog
 14657 | Lair:4   | Found a blossoming altar of Fedhas.
 14826 | Lair:4   | Found a viscous altar of Jiyva.
 14826 | Lair:4   | Found a staircase to the Slime Pits.
 14875 | Lair:4   | Reached skill level 10 in Stealth
 14974 | Lair:4   | Noticed a dire elephant
 15011 | Lair:4   | Killed a dire elephant
 15030 | Lair:4   | Identified the +2 spear of Tenacity {protect, rC- Str+7
                  | SInv}
 15097 | Lair:5   | Entered Level 5 of the Lair of Beasts
 15852 | Lair:5   | Gained mutation: You are frail. (-10% HP) [potion of
                  | mutation]
 15852 | Lair:5   | Gained mutation: Potions are less effective at restoring
                  | your health. [potion of mutation]
 15852 | Lair:5   | Gained mutation: You are clumsy. (Dex -2) [potion of
                  | mutation]
 15857 | Lair:5   | Lost mutation: Potions are less effective at restoring your
                  | health. [potion of mutation]
 15857 | Lair:5   | Lost mutation: You are frail. (-10% HP) [potion of
                  | mutation]
 15857 | Lair:5   | Gained mutation: You do not regenerate when monsters are
                  | visible. [potion of mutation]
 15857 | Lair:5   | Gained mutation: You have a pair of small horns on your
                  | head. [potion of mutation]
 15857 | Lair:5   | Lost mutation: You are clumsy. (Dex -2) [potion of
                  | mutation]
 15858 | Lair:5   | Lost mutation: You have a pair of small horns on your head.
                  | [potion of mutation]
 15858 | Lair:5   | Lost mutation: You do not regenerate when monsters are
                  | visible. [potion of mutation]
 15858 | Lair:5   | Gained mutation: You are robust. (+10% HP) [potion of
                  | mutation]
 15858 | Lair:5   | Gained mutation: You occasionally lose the ability to read
                  | scrolls when taking damage. [potion of mutation]
 15858 | Lair:5   | Gained mutation: Your spells are a little harder to cast,
                  | but a little more powerful. [potion of mutation]
 16152 | Lair:5   | Noticed a dire elephant
 16152 | Lair:5   | Noticed a dire elephant
 16165 | Lair:5   | Noticed a dire elephant
 16165 | Lair:5   | Noticed a dire elephant
 16197 | Lair:5   | Reached skill level 14 in Armour
 16339 | Lair:5   | Identified the +2 morningstar "Duceeb" {heavy, Dex+7} (Trog
                  | gifted it to you on level 5 of the Lair of Beasts)
 16339 | Lair:5   | Received a gift from Trog
 16641 | Lair:5   | Identified a scroll of acquirement
 16641 | Lair:5   | Acquired the +2 pair of slick slippers {slick, slippery,
                  | EV+4}
 16641 | Lair:5   | Found the +2 pair of slick slippers {slick, slippery, EV+4}
 16874 | Lair:5   | Killed a dire elephant
 16900 | Lair:5   | Killed a dire elephant
 16920 | Lair:5   | Killed a dire elephant
 16921 | Lair:5   | Reached XP level 15. HP: 26/102 MP: 15/15
 16943 | Lair:5   | HP: 4/102 [dire elephant simulacrum[a necromancer] (38)]
 17051 | Lair:5   | Reached skill level 10 in Shields
 17061 | Lair:5   | Identified the ring "Ibouluosh" {rPois MP-9 Dex+6 SInv}
 17329 | D:11     | Found a staircase to the Orcish Mines.
 17341 | D:11     | Found a portal to a secret trove of treasure.
 17368 | D:11     | Found Ugeogaup's Book Shoppe.
 17565 | D:11     | Noticed Maurice
 17574 | D:11     | Killed Maurice
 17579 | D:11     | Identified the +0 leather armour of Paranoia {+Blink Str+4}
 17787 | Trove    | Entered a treasure trove
 17806 | Trove    | Identified the +2 lajatang of Evolution {antimagic, Str+5}
 17815 | Trove    | Identified the +3 long sword of Hokumun {chaos, Str+3}
 18023 | D:12     | Found a runed translucent gate.
 18207 | D:12     | Found a runed translucent gate.
 18207 | D:12     | Found an opulent altar of Gozag.
 18207 | D:12     | Found a runed translucent gate.
 18208 | D:12     | Found Qeakh's Assorted Antiques.
 18208 | D:12     | Noticed a fire giant
 18208 | D:12     | Noticed lonewolfV2's ghost (journeyman FoFi)
 18491 | D:12     | Noticed a storm dragon
 18632 | D:12     | Killed a storm dragon
 19103 | D:12     | Killed a fire giant
 19116 | D:12     | Reached * piety under Trog
 19168 | D:12     | Killed lonewolfV2's ghost
 19218 | D:12     | Bought a scroll of teleportation for 84 gold pieces
 19218 | D:12     | Bought a scroll of teleportation for 84 gold pieces
 19436 | D:13     | Reached skill level 15 in Armour
 19805 | D:13     | Found a gate to the Vaults.
 19955 | D:13     | Found a frozen archway.
 20025 | IceCv    | Entered an ice cave
 20760 | IceCv    | Reached skill level 5 in Evocations
 21262 | D:13     | Reached skill level 5 in Throwing
 22133 | D:14     | Reached XP level 16. HP: 110/110 MP: 7/16
 22679 | D:15     | Entered Level 15 of the Dungeon
 23158 | D:15     | Found a staircase to the Depths.
 23379 | D:15     | Identified the +1 robe "Iwnycw" {rF++}
 24012 | Orc:1    | Entered Level 1 of the Orcish Mines
 24067 | Orc:1    | Found a dark tunnel.
 24100 | Volcano  | Entered a volcano
 24118 | Volcano  | Paralysed by an orc sorcerer for 3 turns
 24668 | Orc:2    | Entered Level 2 of the Orcish Mines
 24934 | Orc:2    | Found Hicwer's Antique Weapon Shop.
 24973 | Orc:2    | Found a staircase to the Elven Halls.
 25275 | Orc:2    | Found Vimuciac's Jewellery Shop.
 25495 | Orc:2    | Reached skill level 1 in Ranged Weapons
 25643 | Orc:2    | Received a gift from Trog
 26110 | Orc:2    | Found Mumuh's Antique Armour Shop.
 26116 | Orc:2    | Found Plog's Antique Weapon Boutique.
 26134 | Orc:2    | Bought a glowing cloak for 262 gold pieces
 26409 | Snake:1  | Entered Level 1 of the Snake Pit
 27153 | Snake:2  | Reached skill level 16 in Armour
 27399 | Snake:2  | Received a gift from Trog
 28092 | Snake:2  | Acquired a +2 pair of gloves of infusion
 28385 | Snake:3  | Reached XP level 17. HP: 116/116 MP: 6/17
 28825 | Snake:3  | Received a gift from Trog
 28907 | Snake:3  | Found Ceafy's Antique Armour Shoppe.
 28916 | Snake:3  | Bought a glimmering helmet for 275 gold pieces
 28916 | Snake:3  | Identified the +0 helmet of Altruism {rC+ rN+ Str-4 Dex+4}
                  | (You bought it in a shop on level 3 of the Snake Pit)
 29648 | Snake:4  | Entered Level 4 of the Snake Pit
 30354 | Snake:4  | Found Uttoimia's Armour Boutique.
 30357 | Snake:4  | Found Vewast's Antique Armour Shop.
 30359 | Snake:4  | Found Forukk's Distillery.
 30395 | Snake:4  | Bought a potion of heal wounds for 65 gold pieces
 30395 | Snake:4  | Bought a potion of heal wounds for 65 gold pieces
 30447 | Snake:4  | Reached skill level 15 in Maces & Flails
 30471 | Snake:4  | Reached skill level 17 in Armour
 30534 | Snake:4  | Received a gift from Trog
 30685 | Snake:4  | Noticed a quicksilver dragon
 30688 | Snake:4  | Noticed a quicksilver dragon
 30712 | Snake:4  | Reached XP level 18. HP: 120/124 MP: 0/18
 30733 | Snake:4  | Killed a quicksilver dragon
 31050 | Snake:3  | Killed a quicksilver dragon
 31244 | Snake:4  | Identified the +7 rapier of Angeh {freeze, Dex+4}
 31270 | Snake:4  | Got a serpentine rune of Zot
 31494 | Snake:4  | Received a gift from Trog
 31604 | Swamp:1  | Entered Level 1 of the Swamp
 32738 | Swamp:2  | Reached skill level 5 in Ranged Weapons
 32924 | Swamp:2  | Noticed Roxanne
 32970 | Swamp:2  | Killed Roxanne
 33345 | Swamp:3  | Reached skill level 10 in Dodging
 33788 | Swamp:3  | Noticed Kirke
 33879 | Swamp:2  | Killed Kirke
 34064 | Swamp:4  | Entered Level 4 of the Swamp
 34778 | Swamp:4  | Received a gift from Trog
 35148 | Swamp:4  | Reached XP level 19. HP: 112/132 MP: 0/19
 35301 | Swamp:3  | Reached skill level 18 in Armour
 35421 | Swamp:4  | Noticed a tentacled monstrosity
 35502 | Swamp:4  | Killed a tentacled monstrosity
 35672 | Swamp:4  | Got a decaying rune of Zot
 36005 | Elf:1    | Entered Level 1 of the Elven Halls
 36183 | Elf:1    | Received a gift from Trog
 36234 | Elf:1    | Found a runed translucent door.
 36234 | Elf:1    | Noticed Esekla's ghost (journeyman DEWn)
 36330 | Elf:1    | Killed Esekla's ghost
 36482 | Elf:1    | Noticed Louise
 36504 | Elf:1    | Killed Louise
 36562 | Elf:1    | Identified the +6 mace "Puw Ureez" {flame, rF+ Stlth+}
 36960 | Elf:1    | Found Xyoron's Book Emporium.
 36960 | Elf:1    | Found Goer Zol's Jewellery Boutique.
 36962 | Elf:1    | Found Baukkeus's Book Emporium.
 36974 | Elf:1    | Bought a manual of Fighting for 1120 gold pieces
 37084 | Elf:2    | Found a runed translucent gate.
 37084 | Elf:2    | Found a runed translucent gate.
 37085 | Elf:2    | Found a runed translucent gate.
 37138 | Elf:2    | Found Ozeoh's General Store.
 37270 | Elf:2    | Found Jaixzena's Book Boutique.
 37277 | Elf:2    | Bought a manual of Ranged Weapons for 1120 gold pieces
 37330 | Elf:2    | Found Fifuolu's Jewellery Emporium.
 37347 | Elf:2    | Found Fyckiafrous's Weapon Emporium.
 37640 | Vaults:1 | Entered Level 1 of the Vaults
 37675 | Vaults:1 | Received a gift from Trog
 38126 | Vaults:1 | Noticed Donald
 38226 | Vaults:1 | HP: 3/133 [Donald/+1 scimitar of freezing (18)]
 38226 | Vaults:1 | Slain by Donald

Illustrated notes

Levels and vault maps discovered:
D:1:      tarquinn_simple_flora_water_d, layout_rooms
D:2:      layout_basic, uniq_jessica
D:3:      layout_basic, serial_shops, shop, shop, nicolae_shop_crystal,
          nicolae_shop_peninsula, shop
D:4:      gammafunk_cloud_chamber, layout_layer_cave, trog_wizard, tgw_sif,
          gammafunk_ghost_stat_death, st_stairs_13, dreamdust_princess_corridor,
          feat_on_display
D:5:      layout_cave_pods, nicolae_ru_sacrificial_ziggurat,
          mainiacjoe_overflow_tiny_flanked
D:6:      layout_basic, minmay_temple_entry_slanted, minmay_joined_circles,
          uniq_grinder
D:7:      layout_basic, serial_shops, nicolae_shop_tiny_real_fake_doors,
          david_defended_altar_orc, uniq_joseph, uniq_pikel
D:8:      layout_rooms, jmf_multi_god_temple2, erik_lair_island,
          hangedman_decor_peaks_small, uniq_psyche, uniq_maggie
D:9:      layout_rooms, tgw_xom, nzn_wu_jian_contemplation, uniq_amaemon
D:10:     layout_gridville, mainiacjoe_overflow_concentric_impassable,
          minmay_strange_pillars
D:11:     layout_rooms, orc_0_dummy, nicolae_trove_entry_crossroad,
          serial_shops, shop, uniq_maurice
D:12:     minmay_cut_squares, layout_layer_cave, ebering_ghost_gozag,
          minmay_evil_grid
D:13:     layout_basic, david_vaults_5,
          portal_ice_cave_entry_animals_and_master, minmay_splitting_lines
D:14:     layout_grid_maze
D:15:     hangedman_depths_entry_civil_slaughter, layout_stronghold,
          chequers_serial_rivers_large_b, nrook_guardian_serpent_ordinary
Lair:1:   layout_small_grid, ebering_ghost_rock_garden, serial_bayou_pond_c,
          nicolae_lair_liquid_snakes, uniq_urug, uniq_gastronok
Lair:2:   layout_small_grid, basic_altar, grunt_forest_large_clearings,
          uniq_fannar
Lair:3:   layout_long_grid, minmay_swamp_entry_worms,
          minmay_snake_entry_guardpost_small, gammafunk_ghost_cemetery,
          serial_bayou_shore_b, uniq_rupert, uniq_nessos
Lair:4:   gammafunk_lair_enchanted_lake, layout_hall_layers,
          dpeg_slime_entry_enclosed, chequers_serial_rivers_small_a,
          hangedman_tree_tricks, beast_lair_carwin_7, uniq_josephine
Lair:5:   due_jungle_book, layout_cave_shapes, serial_bayou_pond_e,
          minivault_23, chequers_serial_rivers_micro_b,
          cheibrodos_lair_lostbears, grunt_megastairs_2
Swamp:1:  layout_falls_marsh, evilmike_swamp_ruin_rubble_2, swamp_pool4,
          nicolae_swamp_rocky_clearing, nicolae_swamp_wisp_ring_woods
Swamp:2:  layout_basic_swamp, nicolae_swamp_dense_foliage, swamp_pool2,
          uniq_roxanne
Swamp:3:  layout_basic_swamp, nicolae_swamp_long_stream, swamp_pool4,
          infiniplex_staircase_pool, uniq_kirke
Swamp:4:  swamp_vile, layout_basic_swamp, swamp_pool1, nzn_swamp_dancing_lights
Snake:1:  layout_misc_corridors
Snake:2:  layout_layer_cave
Snake:3:  layout_misc_corridors, serial_shops, nicolae_shop_rolling_square,
          hangedman_snake_corridor_split, grunt_megastairs_5
Snake:4:  hellmonk_snake_rune_quicksilver_temple, layout_onion,
          minmay_shop_star, grunt_megastairs_3
Orc:1:    layout_caves, nicolae_volcano_entry_hallway, lemuel_statue_altar
Orc:2:    grunt_orc_community_town_hall, layout_caves,
          grunt_orc_community_big_house_1, grunt_orc_community_big_house_1,
          grunt_orc_community_house_1, grunt_orc_community_house_2,
          grunt_orc_community_house_1, grunt_orc_community_house_3
Elf:1:    minmay_elf_arrival_circle, layout_loops_cross,
          hellmonk_ghost_happy_afterlife, kennysheep_underground_church,
          minmay_shop_grove, uniq_louise
Elf:2:    elven_hall_of_blades_hangedman_original
          [infiniplex_blade_entry_pillars], layout_geoelf_diagonals,
          serial_shops, nicolae_shop_bloodbath_and_beyond, shop_fountains, shop,
          shop
Vaults:1: hellmonk_ghost_big_iron, ontoclasm_vaults_eye, v_pattern_4,
          grunt_vaults_focal, nicolae_vaults_tetromino_Z_1,
          nicolae_vaults_offset_grid_hallway_3, v_misc_3,
          nicolae_vaults_more_shelving_1, v_misc_16, vaults_dpeg_emergency_exit,
          nicolae_vaults_circle_grid_b, layout_vaults_omnicross, uniq_donald

Skill      XL: |  1  2  3  4  5  6  7  8  9 10 11 12 13 14 15 16 17 18 19 |
---------------+----------------------------------------------------------+-----
Armour         | 3 4 5 6 8 9 10 12 13 14 15 16 17 18 | 18.6
Dodging        | 2 3 4 5 6 7 8 9 10 | 10.5
Fighting       | 4 5 6 7 8 9 10 11 12 13 14 | 14.1
Maces & Flails | 4 5 6 7 8 10 11 12 13 14 15 16 | 16.4
Stealth        | 2 3 5 6 7 8 9 10 11 12 13 14 | 14.2
Shields        | 1 2 3 4 5 6 8 9 10 11 12 13 | 13.1
Throwing       | 1 3 5 |  5.4
Evocations     | 2 3 5 6 7 8 |  8.5
Ranged Weapons | 2 4 5 6 |  6.9

Action                     |  1- 3 |  4- 6 |  7- 9 | 10-12 | 13-15 | 16-18 | 19-21 || total
---------------------------+-------+-------+-------+-------+-------+-------+-------++-------
  Melee: Mace              |    97 |   162 |   497 |   500 |       |       |       ||  1256
         Punch             |     1 |       |       |       |       |       |       ||     1
         Unarmed           |       |       |       |     5 |       |    31 |       ||    36
         Demon whip        |       |       |       |   544 |  1983 |  2616 |   585 ||  5728
   Fire: Hand crossbow     |       |       |       |       |       |   207 |    49 ||   256
  Throw: Dart              |       |       |       |     4 |       |       |       ||     4
         Boomerang         |       |       |       |     6 |   116 |    24 |       ||   146
 Invoke: Berserk           |       |     1 |       |       |     1 |       |       ||     2
         Trog's Hand       |       |       |       |       |     1 |       |       ||     1
  Evoke: Wand              |       |       |       |     1 |     1 |       |     1 ||     3
    Use: Scroll            |     2 |     3 |     2 |     4 |     8 |    13 |     1 ||    33
         Potion            |       |     1 |       |       |     9 |     4 |     1 ||    15
   Stab: Sleeping          |       |       |     3 |     6 |     7 |    13 |     6 ||    35
         Distracted        |       |       |       |     1 |     2 |     2 |     1 ||     6
 Armour: Animal skin       |    19 |       |       |       |       |       |       ||    19
         Leather armour    |    15 |   151 |   224 |   276 |   310 |   132 |       ||  1108
         Scale mail        |       |       |       |       |       |   379 |    85 ||   464
  Dodge: Dodged            |    59 |   149 |   158 |   260 |   408 |   754 |   117 ||  1905
  Block: Kite shield       |       |   171 |   394 |   993 |  1438 |  2223 |   354 ||  5573
         Reflection        |       |       |       |    22 |    57 |   195 |    23 ||   297
         Other             |       |       |       |       |       |     1 |       ||     1
